 Dungeon Crawl Stone Soup version 0.31-a0-345-g1ebeae05c6 (webtiles) character file.

Game seed: 13898079668559534301

1401 Gelion the Changeling (level 8, -5/61 HPs)
             Began as a Troll Shapeshifter on July 23, 2023.
             Was an Initiate of Trog.
             Engulfed by a cloud of steam (6 damage)
             ... on level 6 of the Dungeon.
             The game lasted 00:07:29 (3718 turns).

Gelion the Changeling (Troll Shapeshifter)          Turns: 3718, Time: 00:07:30

Health: -5/61      AC:  2    Str: 24    XL:     8   Next: 41%
Magic:  7/7        EV: 10    Int:  4    God:    Trog [......]
Gold:   46         SH:  0    Dex: 12    Spells: 7/7 levels left

rFire   . .          .
                       - Unarmed
rCold   . . .        (no shield)
rNeg    . . .        (body armour currently unavailable)
rPois   .            (helmet restricted)
rElec   .            (no cloak)
rCorr   .            (gloves unavailable)
SInv    .            (boots unavailable)
Will    .....        (no amulet)
Stlth   +            (no ring)
HPRegen 1.10/turn    (no ring)
MPRegen 0.10/turn

%: no passive effects
@: maw-form
A: devouring maw, reduced hp, large, unfitting armour, claws 3, regeneration 1,
shaggy fur 1, tough skin 1
a: Begin Untransformation, Renounce Religion


You were on level 6 of the Dungeon.
You worshipped Trog.
Trog was noncommittal.
You were a creature with a mouth for a stomach.
You visited 1 branch of the dungeon, and saw 6 of its levels.

You collected 282 gold pieces.
You spent 236 gold pieces at shops.

Inventory:

Talismans
 c - a beast talisman
 d - a dragon-blood talisman
 q - a maw talisman
Wands
 j - a wand of roots (13)
Scrolls
 k - 5 scrolls of teleportation
 l - a scroll of enchant weapon
 m - a scroll of poison
 n - a scroll of amnesia
 o - a scroll of noise {unknown}
 p - a scroll of revelation
 r - a scroll of immolation {unknown}
Potions
 b - 4 potions of lignification
 e - 2 potions of brilliance
 f - 2 potions of invisibility
 g - a potion of mutation
 h - a potion of might
 i - 3 potions of berserk rage {unknown}


   Skills:
 + Level 4.2 Fighting
 - Level 1.5 Dodging
 + Level 6.0 Unarmed Combat
 * Level 6.8 Shapeshifting


You had 7 spell levels left.
You didn't know any spells.
Your spell library contained the following spells:

 Spells                   Type           Power      Damage    Failure   Level
 Sublimation of Blood     Necr           0%         N/A       65%         2
 Wereblood                Tmut           0%         N/A       65%         2
 Call Canine Familiar     Summ           0%         N/A       86%         3
 Inner Flame              Hex/Fire       0%         N/A       86%         3
 Portal Projectile        Hex/Tloc       0%         N/A       86%         3
 Animate Armour           Summ/Erth      0%         N/A       99%         4
 Leda's Liquefaction      Hex/Erth       0%         N/A       99%         4
 Summon Lightning Spire   Summ/Air       0%         N/A       99%         4
 Lee's Rapid Deconstruct  Erth           0%         3d4*      100%        5
 Yara's Violent Unravell  Hex/Tmut       0%         3d3       100%        5
 Enfeeble                 Hex            0%         N/A       100%        7
 Summon Hydra             Summ           0%         N/A       100%        7


Dungeon Overview and Level Annotations

Branches:
Dungeon (6/15)
 Temple: D:4-7

Altars:
Fedhas
Trog
Uskayaw
Vehumet
The Shining One

Shops:
D:4 ***?[


Innate Abilities, Weirdness & Mutations

You are a creature with a mouth for a stomach.
Your midsection houses a second, enormous mouth.
Your maximum health is decreased, since you lack skill for your form.
You are too large for most types of armour.
You have claws for hands.
Your natural rate of healing is unusually fast.
You are covered in fur. (AC +1)
You have tough skin. (AC +1)


Message History

No target in view!
You now have 46 gold pieces (gained 3).
You open the door.
There is an open door here.
A steam dragon comes into view.
Found a scroll of amnesia.
The steam dragon hisses angrily.
The steam dragon breathes steam at you. The ball of steam hits you!
You are engulfed in a cloud of scalding steam.
You are engulfed in a cloud of scalding steam.
You claw the steam dragon!
The steam dragon is moderately wounded.
You closely miss the steam dragon. Your claw misses the steam dragon.
You bite the steam dragon, but do no damage.
The steam dragon is moderately wounded.
The steam dragon bites you! The steam dragon claws you.
You claw the steam dragon!
The steam dragon is severely wounded.
The steam dragon closely misses you. x2
You claw the steam dragon!
The steam dragon is almost dead.
The steam dragon breathes steam at you. The ball of steam hits you!
You closely miss the steam dragon.
The steam dragon is almost dead.
You are engulfed in a cloud of scalding steam.
* * * LOW HITPOINT WARNING * * *
The steam dragon bites you.
* * * LOW HITPOINT WARNING * * *
The steam dragon closely misses you.
A sky beast comes into view.
The steam dragon breathes steam at you. The ball of steam hits you!
* * * LOW HITPOINT WARNING * * *
You scratch the steam dragon.
You kill the steam dragon!
Trog accepts your kill.
You are engulfed in a cloud of scalding steam.
You die...

...####+###
.........#
........# Y?.....#
......#
#######.....#
#.....#.....# .
#.....#W§...#...
###..##§§§......
######..#.§§§...###
#.......#§§.§.....#
#<......'...#.###..
#.......#..§§..# .
##..##..#......#
#..##..#........
#..##..#......#.


There were no monsters in sight!

Vanquished Creatures
  Sigmund (D:2)
  A steam dragon (D:6)
  An ice beast (D:5)
  3 ogres (D:5)
  2 phantoms
  A scorpion (D:4)
  2 hounds (D:4)
  A jelly (D:4)
  3 orc priests (D:4)
  A sleepcap (D:5)
  8 orc wizards
  4 iguanas
  3 gnolls (D:2)
  6 adders
  3 ufetubi (D:5)
  A worm (D:3)
  3 dart slugs
  11 orcs
  7 ball pythons
  7 endoplasms
  4 giant cockroaches
  5 goblins
  9 hobgoblins
  5 jackals
  3 quokkas
  2 bats
  4 frilled lizards
  3 kobolds
  5 rats
109 creatures vanquished.

Notes
Turn   | Place    | Note
-------+----------+-------------------------------------------
     0 | D:1      | Gelion the Troll Shapeshifter began the quest for the Orb.
     0 | D:1      | Reached XP level 1. HP: 18/18 MP: 0/0
    83 | D:1      | Reached skill level 1 in Fighting
   125 | D:1      | Reached XP level 2. HP: 24/27 MP: 1/1
   682 | D:2      | Reached XP level 3. HP: 11/33 MP: 2/2
   779 | D:2      | Identified the +6 mace "Looboiff" {pain, rF+}
   800 | D:2      | Reached XP level 4. HP: 41/41 MP: 3/3
   867 | D:2      | Noticed Sigmund
   875 | D:2      | Killed Sigmund
   876 | D:2      | Reached XP level 5. HP: 48/50 MP: 4/4
  1257 | D:2      | Found a faded altar of an unknown god.
  1355 | D:3      | Found a glowing golden altar of the Shining One.
  1358 | D:3      | Found a radiant altar of Vehumet.
  1398 | D:3      | Reached XP level 6. HP: 47/59 MP: 5/5
  1580 | D:3      | Found a blossoming altar of Fedhas.
  2119 | D:4      | Found Agoruthro's Magic Scroll Boutique.
  2149 | D:4      | Bought a scroll of identify for 28 gold pieces
  2149 | D:4      | Bought a scroll of identify for 28 gold pieces
  2149 | D:4      | Bought a scroll of revelation for 105 gold pieces
  2149 | D:4      | Bought a scroll of identify for 28 gold pieces
  2186 | D:4      | Reached skill level 5 in Shapeshifting
  2256 | D:4      | Found Isay's Antique Armour Shop.
  2300 | D:4      | Found Kats's Assorted Antiques.
  2303 | D:4      | Bought a scroll labelled DOCHUCS AXOO for 17 gold pieces
  2303 | D:4      | Bought 2 blue potions for 30 gold pieces
  2333 | D:4      | Found Ethaan's Assorted Antiques.
  2342 | D:4      | Reached XP level 7. HP: 48/67 MP: 6/6
  2475 | D:4      | Reached skill level 5 in Unarmed Combat
  2518 | D:4      | Found Duggalam's Assorted Antiques.
  2753 | D:5      | Entered Level 5 of the Dungeon
  2756 | D:5      | Found a hide-covered altar of Uskayaw.
  2860 | D:5      | Found a bloodstained altar of Trog.
  2993 | D:5      | Reached XP level 8. HP: 68/78 MP: 7/7
  3661 | D:5      | Became a worshipper of Trog the Wrathful
  3717 | D:6      | HP: 1/61 [steam dragon/ball of steam (14)]
  3718 | D:6      | Engulfed by a cloud of steam

Illustrated notes

Levels and vault maps discovered:
D:1:      minmay_arrival_checkered_box, layout_basic
D:2:      layout_basic, nicolae_ecumenical_lake_church, uniq_sigmund
D:3:      layout_basic, fedhas_ov_isle_minmay, grunt_temple_overflow_open
D:4:      cheibrodos_old_hovel, layout_rooms, serial_shops,
          nicolae_shop_behind_doors, shop, nicolae_shop_tiny_real_fake_doors,
          shop, shop
D:5:      minmay_spotlight, layout_gridville, kennysheep_mini_moat,
          eat_drink_and_be_merry_uskayaw
D:6:      layout_gridville, nicolae_letterblocks [nicolae_letter_subblock,
          nicolae_letter_subblock, nicolae_letter_subblock,
          nicolae_letter_subblock, nicolae_letter_subblock,
          nicolae_letter_subblock, nicolae_letter_subblock,
          nicolae_letter_subblock, nicolae_letter_subblock,
          nicolae_letter_subblock, nicolae_letter_subblock,
          nicolae_letter_subblock, nicolae_letter_subblock,
          nicolae_letter_subblock, nicolae_letter_subblock,
          nicolae_letter_subblock, nicolae_letter_subblock,
          nicolae_letter_subblock, nicolae_letter_subblock,
          nicolae_letter_subblock, nicolae_letter_subblock,
          nicolae_letter_subblock, nicolae_letter_subblock,
          nicolae_letter_subblock, nicolae_letter_subblock]

Skill      XL: |  1  2  3  4  5  6  7  8 |
---------------+-------------------------+-----
Fighting       | 1 2 3 4 |  4.2
Unarmed Combat | 4 5 6 |  6.0
Shapeshifting  | 4 5 6 |  6.8
Dodging        | |  1.5

Action                     |  1- 3 |  4- 6 |  7- 9 || total
---------------------------+-------+-------+-------++-------
  Melee: Unarmed           |    66 |    81 |    89 ||   236
         Punch             |     1 |       |     2 ||     3
         Maw               |       |       |     1 ||     1
    Use: Scroll            |       |    13 |     1 ||    14
 Armour: Animal skin       |    13 |    14 |    15 ||    42
  Dodge: Dodged            |    32 |    37 |    31 ||   100
   Form: Maw               |       |       |     1 ||     1

Table legend: (Time is in decaauts)
 A = Elapsed time spent in this place.
 B = Non-inter-level travel time spent in this place.
 C = Inter-level travel time spent in this place.
 D = Time resting spent in this place.
 E = Time spent auto-exploring this place.
 F = Levels seen in this place.
 G = Mean time per level.
                   A        B        C        D        E       F      G
               +--------+--------+--------+--------+--------+-----+--------+
         Total |   3697 |   3488 |    209 |      0 |   2826 |   6 |  616.2 |
       Dungeon |   3697 |   3488 |    209 |      0 |   2826 |   6 |  616.2 |
               +--------+--------+--------+--------+--------+-----+--------+

Top non-repeatable levels by time:
     D:5: 926 daAuts
     D:3: 751 daAuts
     D:2: 673 daAuts
     D:4: 665 daAuts
     D:1: 649 daAuts
     D:6: 31 daAuts
